 Dungeon Crawl Stone Soup version 0.30-a0-459-g9104f0fc43 (webtiles) character file.

Game seed: 7233690121291098992

7549 NinjaNoafa the Summoner (level 10, -3/45 HPs)
             Began as a Felid Summoner on Dec 15, 2022.
             Was an Initiate of Gozag.
             Slain by a death yak (27 damage)
             ... on level 1 of the Lair of Beasts.
             The game lasted 00:29:34 (14551 turns).

NinjaNoafa the Summoner (Felid Summoner)           Turns: 14551, Time: 00:29:35

Health: -3/45      AC:  2    Str:  4    XL:     10   Next: 96%
Magic:  6/23       EV: 29    Int: 21    God:    Gozag
Gold:   1292       SH:  5    Dex: 23    Spells: 7/26 levels left
                                        Lives:  0   Deaths: 2

rFire   . . .      SeeInvis +    (weapon unavailable)
rCold   . . .      Faith    .    (shield unavailable)
rNeg    . . .      Spirit   .    (body armour unavailable)
rPois   .          Reflect  +    (helmet unavailable)
rElec   .          Harm     .    (cloak unavailable)
rCorr   .          Rampage  .    (gloves unavailable)
Will    +....                    (boots unavailable)
Stlth   +++.......               F - amulet of reflection
HPRegen 0.27/turn                g - +6 ring of dexterity
MPRegen 0.18/turn                v - +4 ring of evasion

@: sluggish, slow
A: very small, claws 1, fangs 3, see invisible, speed 1, shaggy fur 2, stealthy
paws, no weapons or thrown items, no armour, multi-lived
a: Renounce Religion, Potion Petition, Call Merchant, Bribe Branch


You were on level 1 of the Lair of Beasts.
You worshipped Gozag.
Gozag was most pleased with you.
You visited 3 branches of the dungeon, and saw 12 of its levels.
You also visited: Ossuary.

You collected 1505 gold pieces.
You paid 213 gold pieces to Gozag.

Inventory:

Jewellery
 g - a +6 ring of dexterity (left paw)
 u - a ring of fire
 v - a +4 ring of evasion (right paw)
 E - a ring of resist corrosion
 F - an amulet of reflection (around neck)
Wands
 t - a wand of iceblast (28)
 D - a wand of digging (8)
Scrolls
 h - 3 scrolls of fog
 i - a scroll of torment {unknown}
 n - 2 scrolls of enchant armour {unknown}
 o - 3 scrolls of enchant weapon {unknown}
 p - a scroll of vulnerability {unknown}
 q - 2 scrolls of silence
 r - 2 scrolls of teleportation
 s - 2 scrolls of brand weapon {unknown}
 w - a scroll of immolation {unknown}
 x - 3 scrolls of poison {unknown}
 y - a scroll of fear {unknown}
 C - a scroll of acquirement {unknown}
 G - 2 scrolls of blinking {unknown}
Potions
 a - a potion of magic
 b - 3 potions of invisibility
 c - a potion of might
 d - 2 potions of brilliance
 f - a potion of mutation
 j - 3 potions of degeneration
 k - a potion of berserk rage
 l - a potion of lignification
 m - a potion of heal wounds
 z - 3 potions of haste
 A - 3 potions of flight {unknown}
 B - a potion of cancellation {unknown}
 H - 2 potions of attraction {unknown}


   Skills:
 + Level 6.1 Fighting
 + Level 8.6 Dodging
 - Level 2.6 Stealth
 + Level 8.6 Spellcasting
 - Level 5.0 Hexes
 + Level 9.9 Summonings
 - Level 7.0 Air Magic
 - Level 5.0 Evocations


You had 7 spell levels left.
You knew the following spells:

 Your Spells              Type           Power      Damage    Failure   Level
a - Summon Small Mammal   Summ           100%       N/A       1%          1
b - Call Imp              Summ           50%        N/A       1%          2
c - Call Canine Familiar  Summ           50%        N/A       1%          3
d - Summon Guardian Gole  Hex/Summ       40%        N/A       1%          3
e - Summon Lightning Spi  Summ/Air       44%        N/A       2%          4
f - Confusing Touch       Hex            30%        N/A       3%          3
g - Swiftness             Air            38%        N/A       1%          3

Your spell library contained the following spells:

 Spells                   Type           Power      Damage    Failure   Level
 Shock                    Conj/Air       92%        1d8       1%          1
 Tukima's Dance           Hex            30%        N/A       3%          3
 Ensorcelled Hibernation  Hex/Ice        38%        N/A       4%          2
 Airstrike                Air            19%        2d(3-19)  4%          4
 Vhi's Electric Charge    Tloc/Air       46%        N/A       5%          3
 Kiss of Death            Conj/Necr      36%        2d8       8%          1
 Passwall                 Tmut/Erth      7%         N/A       12%         2
 Arcjolt                  Conj/Air       11%        1d21      45%         5
 Dispel Undead            Necr           9%         3d8       58%         4
 Passage of Golubria      Tloc           9%         N/A       58%         4
 Yara's Violent Unravell  Hex/Tmut       9%         3d6       58%         5
 Maxwell's Capacitive Co  Air            19%        ∞         100%        8


Dungeon Overview and Level Annotations

Branches:
Dungeon (9/15)             Temple (1/1) D:7            Lair (2/5) D:9
Ossuary (visited)
  Swamp: Lair:2-3    Shoals: Lair:2-3     Snake: Lair:2-3    Spider: Lair:2-3
    Orc: D:9-12

Altars:
Ashenzari
Cheibriados
Dithmenos
Elyvilon
Fedhas
Gozag
Hepliaklqana
Kikubaaqudgha
Makhleb
Nemelex Xobeh
Okawaru
Qazlal
Ru
Sif Muna
Trog
Uskayaw
Vehumet
Wu Jian
Xom
Yredelemnul
Zin
The Shining One

Shops:
D:5 (


Innate Abilities, Weirdness & Mutations

You have sharp claws.
You have razor-sharp teeth.
You have supernaturally acute eyesight. (SInv)
You cover ground quickly. (Speed+)
You are covered in thick fur. (AC +2)
Your paws help you pounce on unaware monsters.
You are incapable of wielding weapons or throwing items.
You cannot wear armour.
You gain extra lives every three experience levels.


Message History

Your guardian golem is engulfed in blazing flames.
Flame seeps out of your guardian golem. The death yak gores your wolf.
Flame seeps out of your guardian golem.
Your wolf bites the death yak.
Your quokka bites the death yak.
Your wolf bites the death yak.
Your guardian golem is engulfed in blazing flames.
Your guardian golem disappears in a puff of smoke!
Your guardian golem explodes!
The fiery explosion engulfs your wolf!!
Your wolf dies!
Your wolf's corpse disappears in a puff of smoke!
The fiery explosion engulfs your quokka!
Your quokka dies!
Your quokka's corpse disappears in a puff of smoke!
The fiery explosion engulfs the death yak!!
The death yak dies!
Your Fighting skill increases to level 6!
You start to feel a little slower.
Casting: Summon Small Mammal (safe; 1% risk of failure)
Confirm with . or Enter, or press ? or * to list all spells.
An electric hum fills the air.
Casting: Summon Lightning Spire (dangerous; 2% risk of failure)
Confirm with . or Enter, or press ? or * to list all spells.
A guardian golem appears, shielding your allies.
You feel sluggish.
Your lightning spire shoots out a bolt of lightning at the death yak!
The bolt of electricity hits the death yak!
Your lightning spire shoots out a bolt of lightning at the death yak!
The bolt of electricity hits the death yak!
The death yak attacks as you move away! The death yak gores you!
* * * LOW HITPOINT WARNING * * *
The death yak attacks as you move away! The death yak completely misses you.
Your lightning spire disappears in a puff of smoke!
The death yak closely misses you.
The death yak gores your guardian golem but does no damage.
The death yak attacks as you move away! The death yak barely misses you.
You feel much better. The death yak gores you!!
Ouch! That really hurt!
You die...
Your body crumbles into a pile of gold.

##.....## #P......#
###......###
####.#........#####
##.................#
##.................##
...................####
......................#
.##.....>....Y9Y@.....##
.##...................P###
..##.............###...#P###
...###P........###
##....#.## ..## #........##
#.....#.# .## ##.......#
#......### ## ##.......#
##.......# # ###........#
#.......###
#.#........######
#.........##


You could see 2 death yaks and a friendly guardian golem (summoned).

Vanquished Creatures
  A giant cockroach (D:1)
1 creature vanquished.

Vanquished Creatures (collateral kills)
  A two-headed ogre (D:9)
  A death yak (Lair:1)
  2 cane toads (Lair:2)
  2 rime drakes (Lair:2)
  A komodo dragon (Lair:1)
  Sigmund (D:5)
  8 yaks
  A wyvern (D:9)
  A steam dragon (D:8)
  5 water moccasins
  4 black bears
  An ogre (D:5)
  A phantom (D:6)
  3 centaurs
  A kobold brigand (D:8)
  7 bullfrogs
  A necrophage (D:5)
  2 scorpions
  14 wights
  6 killer bees (D:9)
  A howler monkey (D:9)
  2 hounds (D:6)
  A gnoll bouda (D:8)
  An orc priest (D:8)
  Ijyb (D:5)
  3 iguanas
  5 orc wizards
  A statue (D:6)
  8 mummies (Ossuary)
  Robin (D:3)
  6 gnolls
  9 adders
  2 shadow imps (D:7)
  4 white imps
  6 ufetubi
  A worm (D:4)
  A dart slug (D:4)
  16 orcs
  5 endoplasms
  3 giant cockroaches
  2 gnoll zombies (Ossuary)
  16 goblins
  13 hobgoblins
  8 jackals
  5 quokkas
  4 ball pythons
  7 bats
  3 frilled lizards
  3 hobgoblin zombies (Ossuary)
  8 kobolds
  3 kobold zombies (Ossuary)
  11 rats
223 creatures vanquished.

Vanquished Creatures (others)
  A hydra (Lair:2)
  A death yak (Lair:1)
  A black mamba (Lair:2)
  Grinder (D:5)
  Menkaure (D:7)
  Edmund (D:6)
  A black bear (D:5)
  4 ogres
  2 centaurs
  A kobold brigand (D:7)
  11 wights
  Crazy Yiuf (D:5)
  An iguana (D:7)
  A white imp (D:7)
  A worm (D:5)
  6 kobolds (D:7)
  A bush (D:8)
  2 demonic plants (D:7)
  60 fungi
  49 plants (D:9)
147 creatures vanquished.

Grand Total: 371 creatures vanquished

Notes
Turn   | Place    | Note
-------+----------+-------------------------------------------
     0 | D:1      | NinjaNoafa the Felid Summoner began the quest for the Orb.
     0 | D:1      | Reached XP level 1. HP: 7/7 MP: 4/4
   374 | D:1      | Reached XP level 2. HP: 11/11 MP: 4/6
   383 | D:1      | Learned a level 2 spell: Call Imp
  1006 | D:2      | Reached XP level 3. HP: 12/14 MP: 2/8
  1010 | D:2      | Learned a level 3 spell: Call Canine Familiar
  1244 | D:2      | Found a snail-covered altar of Cheibriados.
  1290 | D:2      | Noticed a golden eye
  1293 | D:2      | Found a faded altar of an unknown god.
  1295 | D:2      | Noticed an eye of devastation
  1295 | D:2      | Noticed a shining eye
  1295 | D:2      | Noticed an eye of devastation
  1315 | D:2      | Identified the +3 long sword "Gasearghi" {vorpal, rElec rC+
                  | MP-9}
  1991 | D:3      | Noticed Robin
  2005 | D:3      | Killed Robin
  2006 | D:3      | Reached XP level 4. HP: 18/18 MP: 2/9
  2182 | D:3      | Reached skill level 5 in Summonings
  2670 | D:3      | Noticed a scorpion
  2685 | D:3      | Killed a scorpion
  2686 | D:3      | Reached skill level 1 in Fighting
  2686 | D:3      | Reached XP level 5. HP: 14/22 MP: 4/11
  3354 | D:4      | Found a blossoming altar of Fedhas.
  3569 | D:3      | Learned a level 3 spell: Summon Guardian Golem
  3853 | D:4      | Noticed a centaur
  3868 | D:4      | Killed a centaur
  3869 | D:4      | Reached skill level 1 in Hexes
  3869 | D:4      | Gained mutation: You are covered in thick fur. (AC +2)
                  | [Felid growth]
  3869 | D:4      | Reached XP level 6. HP: 17/26 MP: 9/12
  4419 | D:5      | Entered Level 5 of the Dungeon
  4419 | D:5      | Noticed Ijyb
  4919 | D:5      | Reached XP level 7. HP: 29/29 MP: 10/14
  4979 | D:5      | Reached skill level 6 in Summonings
  5101 | D:5      | Found Ciqes's Weapon Emporium.
  5443 | D:5      | Found a runed translucent door.
  5444 | D:5      | Noticed Crazy Yiuf
  5705 | D:5      | Reached skill level 5 in Hexes
  5857 | D:5      | Killed Crazy Yiuf
  5858 | D:5      | Reached skill level 5 in Spellcasting
  5953 | D:5      | Noticed Sigmund
  5992 | D:5      | Killed Sigmund
  6267 | D:5      | Noticed Grinder
  6288 | D:5      | Reached XP level 8. HP: 33/33 MP: 8/17
  6372 | D:5      | Killed Grinder
  6373 | D:5      | Reached skill level 7 in Summonings
  6582 | D:6      | Noticed Edmund
  6599 | D:6      | Killed Edmund
  6665 | D:6      | Learned a level 4 spell: Summon Lightning Spire
  6702 | D:6      | Reached skill level 8 in Summonings
  6787 | D:6      | Found a shimmering altar of Xom.
  6804 | D:6      | Found a sand-covered staircase.
  6810 | Ossuary  | Entered an ossuary
  6846 | Ossuary  | Reached skill level 1 in Air Magic
  7757 | D:6      | Reached XP level 9. HP: 36/36 MP: 12/19
  7890 | D:6      | Found a radiant altar of Vehumet.
  8701 | D:7      | Reached skill level 1 in Evocations
  8726 | D:7      | Reached skill level 5 in Air Magic
  9050 | D:7      | Noticed Menkaure
  9066 | D:7      | Killed Menkaure
  9193 | D:7      | Identified the +7 scimitar "Hemuff" {elec, Str+3 Dex+4}
  9224 | D:7      | Found a stormy altar of Qazlal.
  9737 | D:7      | Found a staircase to the Ecumenical Temple.
  9803 | Temple   | Entered the Ecumenical Temple
  9848 | Temple   | Became a worshipper of Gozag Ym Sagoz the Greedy
 10519 | D:5      | Killed Ijyb
 10711 | D:8      | Reached skill level 5 in Evocations
 10980 | D:8      | Identified the +7 dagger "Ogrebane" {speed, rF++ Str+3}
 11148 | D:8      | Reached XP level 10. HP: 40/40 MP: 17/21
 11398 | D:8      | Found a sacrificial altar of Ru.
 11932 | D:9      | Learned a level 3 spell: Swiftness
 11995 | D:9      | Reached skill level 5 in Dodging
 12138 | D:9      | HP: 1/42 [poisoned by a killer bee]
 12142 | D:9      | Slain by a killer bee
 12143 | D:9      | Reached XP level 9. HP: -3/37 MP: 6/20
 12143 | D:9      | Found a staircase to the Lair.
 12143 | D:9      | Noticed a two-headed ogre
 12215 | D:9      | Mangled by a two-headed ogre
 12216 | D:9      | Reached XP level 8. HP: -8/34 MP: 11/19
 12223 | D:8      | Learned a level 3 spell: Confusing Touch
 12246 | D:9      | Killed a two-headed ogre
 12247 | D:9      | Reached XP level 9. HP: 38/39 MP: 6/21
 12512 | D:8      | Reached skill level 9 in Summonings
 13083 | D:9      | Reached XP level 10. HP: 22/43 MP: 9/22
 13248 | D:9      | Noticed a wizard
 13477 | Lair:1   | Entered Level 1 of the Lair of Beasts
 13508 | Lair:1   | Noticed a death yak
 13511 | Lair:1   | Noticed a torpor snail
 13556 | Lair:1   | Killed a death yak
 13557 | Lair:1   | Reached skill level 5 in Fighting
 13821 | Lair:1   | Identified the +7 war axe "Hydraslayer" {drain, Str+3}
 13968 | Lair:2   | Noticed a cane toad
 13982 | Lair:2   | Killed a cane toad
 14022 | Lair:2   | Noticed a six-headed hydra
 14033 | Lair:2   | Killed a six-headed hydra
 14034 | Lair:2   | Noticed a black mamba
 14043 | Lair:2   | Killed a black mamba
 14049 | Lair:2   | Noticed a cane toad
 14176 | Lair:2   | Noticed a death yak
 14204 | Lair:2   | Noticed a black mamba
 14256 | Lair:2   | Killed a cane toad
 14421 | Lair:2   | Noticed a death yak
 14421 | Lair:2   | Noticed a death yak
 14422 | Lair:2   | Noticed a death yak
 14423 | Lair:2   | Noticed a death yak
 14423 | Lair:2   | Noticed a death yak
 14527 | Lair:1   | Killed a death yak
 14551 | Lair:1   | Slain by a death yak

Illustrated notes

Levels and vault maps discovered:
D:1:      amcnicky_arrival_underground_garden, layout_basic
D:2:      layout_loops_ring, hellmonk_ecumenical_altar_watching_god,
          basic_altar, minmay_tall_x
D:3:      layout_loops_ring, uniq_robin
D:4:      nicolae_cairo_tiling_large_dashed, layout_loops_ring,
          fedhas_altar_fruit_tree, nicolae_titane
D:5:      layout_basic, serial_shops, shop, chequers_serial_rivers_micro_d,
          uniq_ijyb, uniq_grinder, uniq_sigmund, uniq_crazy_yiuf_cottage
D:6:      minmay_thick_lines, layout_layer_cave,
          mainiacjoe_overflow_concentric_impassable, vehumet_statue,
          enter_ossuary_5, water_boxes_lemuel, uniq_edmund
D:7:      layout_loops_corners, nicolae_qazlal_style_of_elements,
          minmay_temple_entry_trees, serial_demonic, serial_demonic_c,
          serial_demonic_c, serial_demonic_e, serial_demonic_g,
          minmay_misc_feat_columns, uniq_menkaure
D:8:      layout_gridville, nicolae_ru_path_of_blood, grunt_ogre_cave,
          kb_lookout_dungeons_type
D:9:      layout_loops_ring, due_lair_maze_entry_diamond, laboratory
Temple:   nicolae_temple_bog_church
Lair:1:   layout_hall_layers
Lair:2:   layout_long_grid, minmay_shoals_entry_beasts, serial_bayou_pond_a,
          grunt_megastairs_2, infiniplex_staircase_pool_2

Skill      XL: |  1  2  3  4  5  6  7  8  9 10 |
---------------+-------------------------------+-----
Spellcasting   | 3 4 5 6 8 |  8.6
Summonings     | 5 6 8 9 |  9.9
Fighting       | 1 4 6 |  6.1
Dodging        | 3 6 7 8 |  8.6
Hexes          | 1 3 5 |  5.0
Air Magic      | 3 7 |  7.0
Evocations     | 5 |  5.0
Stealth        | |  2.6

Action                   |  1- 3 |  4- 6 |  7- 9 | 10-12 || total
-------------------------+-------+-------+-------+-------++-------
Melee: Unarmed           |     4 |     3 |    11 |     7 ||    25
       Bite              |       |       |     3 |     1 ||     4
 Cast: Summon Small Mamm |    39 |    35 |    68 |    13 ||   155
       Call Imp          |     9 |    15 |    33 |     8 ||    65
       Call Canine Famil |    11 |    19 |    45 |     9 ||    84
       Summon Guardian G |       |     4 |    39 |    12 ||    55
       Summon Lightning  |       |       |    18 |    19 ||    37
       Confusing Touch   |       |       |     6 |     2 ||     8
       Swiftness         |       |       |     3 |     5 ||     8
  Use: Potion            |       |     1 |     4 |     3 ||     8
       Scroll            |       |       |     5 |     7 ||    12
 Stab: Confused          |       |       |     1 |     1 ||     2
       Distracted        |       |       |       |     1 ||     1
Armor: Skin              |     4 |     6 |     1 |     2 ||    13
Dodge: Dodged            |    73 |    87 |   176 |    75 ||   411
Block: Other             |       |       |     2 |     9 ||    11

Table legend: (Time is in decaauts)
 A = Elapsed time spent in this place.
 B = Non-inter-level travel time spent in this place.
 C = Inter-level travel time spent in this place.
 D = Time resting spent in this place.
 E = Time spent auto-exploring this place.
 F = Levels seen in this place.
 G = Mean time per level.
                   A        B        C        D        E       F      G
               +--------+--------+--------+--------+--------+-----+--------+
         Total |  12943 |  12255 |    688 |      0 |   9104 |  13 |  995.6 |
       Dungeon |  11560 |  10963 |    597 |      0 |   8207 |   9 | 1284.4 |
        Temple |    180 |    156 |     24 |      0 |    145 |   1 |  180.0 |
          Lair |    964 |    897 |     67 |      0 |    608 |   2 |  482.0 |
       Ossuary |    237 |    237 |      0 |      0 |    143 |   1 |  237.0 |
               +--------+--------+--------+--------+--------+-----+--------+

Top non-repeatable levels by time:
     D:5: 1945 daAuts
     D:6: 1779 daAuts
     D:8: 1598 daAuts
     D:3: 1319 daAuts
     D:7: 1247 daAuts
     D:4: 1021 daAuts
     D:9: 992 daAuts
     D:2: 869 daAuts
     D:1: 787 daAuts
  Lair:1: 666 daAuts
  Lair:2: 298 daAuts
 Ossuary: 237 daAuts
  Temple: 180 daAuts
